 Dungeon Crawl Stone Soup version 0.28.0 (webtiles) character file.

Game seed: 13633979746355638714

13 oldriver the Vandal (level 2, -1/23 HPs)
             Began as a Formicid Hunter on Feb 14, 2022.
             Slain by a jackal (2 damage)
             ... on level 1 of the Dungeon.
             The game lasted 00:00:55 (349 turns).

oldriver the Vandal (Formicid Hunter)                Turns: 349, Time: 00:00:55

Health: -1/23      AC:  3    Str: 16    XL:     2   Next: 50%
Magic:  2/2        EV: 11    Int: 10    God:
Gold:   0          SH:  0    Dex: 11    Spells: 1/1 levels left

rFire   . . .      SeeInvis +   b - +0 short sword
rCold   . . .      Faith    .   (no shield)
rNeg    . . .      Spirit   .   c - +0 leather armour
rPois   .          Reflect  .   (helmet unavailable)
rElec   .          Harm     .   (no cloak)
rCorr   .          Rampage  .   (no gloves)
Will    .....                   (no boots)
Stlth   ++........              (no amulet)
HPRegen 0.07/turn               (no ring)
MPRegen 0.08/turn               (no ring)

@: no status effects
A: permanent stasis, dig shafts and tunnels, antennae 3, four strong arms
a: Dig, Shaft Self


You were on level 1 of the Dungeon.
You visited 1 branch of the dungeon, and saw 1 of its levels.

Inventory:

Hand Weapons
 a - a +2 hunting sling
 b - a +0 short sword (weapon)
Missiles
 d - 20 sling bullets
Armour
 c - a +0 leather armour (worn)


   Skills:
 + Level 2.5 Fighting
 + Level 4.6 Slings
 - Level 1.7 Dodging
 + Level 2.0 Stealth


You had one spell level left.
You didn't know any spells.
Your spell library was empty.

Dungeon Overview and Level Annotations

Branches:
Dungeon (1/15)

Altars:


Innate Abilities, Weirdness & Mutations

You cannot be hasted, slowed, berserked, paralysed or teleported.
You can dig through walls and to a lower floor.
You have a pair of large antennae on your head. (SInv)
Your four strong arms can wield two-handed weapons with a shield.


Message History

Your +1 hunting sling glows red for a moment.
You aren't carrying any potions.
The jackal closely misses you.
The jackal bites you but does no damage.
The jackal bites you but does no damage.
You open the door. The jackal bites you.
* * * LOW HITPOINT WARNING * * *
The jackal barely misses you.
There is an open door here.
You hit the jackal.
You kill the jackal!
The jackal bites you but does no damage.
The jackal bites you but does no damage.
The jackal bites you but does no damage.
The jackal closely misses you. The jackal barely misses you.
The jackal bites you but does no damage.
The jackal closely misses you.
You see here 18 gold pieces.
The jackal barely misses you. The jackal closely misses you.
You see here a puce potion.
e - a puce potion The jackal closely misses you.
The jackal bites you but does no damage. x2
The jackal barely misses you. The jackal barely misses you.
The jackal bites you but does no damage.
It was a potion of haste.
Your stasis prevents you from being hasted.
The jackal bites you.
* * * LOW HITPOINT WARNING * * *
The jackal barely misses you.
Unknown command.
The jackal bites you.
* * * LOW HITPOINT WARNING * * *
The jackal barely misses you.
Found a scroll labelled OLABIWN BUKOMOA and a scroll labelled BICSANTAFEFF.
The jackal bites you.
You die...

..........#.)...
#+#.?...........##....
.....................
....#.....#.........
#...#.....#.........
#...#.....#..)..#...
#..............)....
.####...................
.......@gh..............
?.......h...............
.........J............r.
.......#.............J..
...........r.......#####
...........#.......# ##
...........#.......# #.
...........#.......####.
.........##......$.....


You could see an endoplasm, 2 jackals, a goblin and a rat.

Vanquished Creatures
  A bat (D:1)
  An endoplasm (D:1)
  2 goblins (D:1)
  A hobgoblin (D:1)
  2 jackals (D:1)
  A kobold (D:1)
  3 rats (D:1)
11 creatures vanquished.

Notes
Turn   | Place    | Note
-------+----------+-------------------------------------------
     0 | D:1      | oldriver the Formicid Hunter began the quest for the Orb.
     0 | D:1      | Reached XP level 1. HP: 16/16 MP: 1/1
   230 | D:1      | Reached XP level 2. HP: 22/23 MP: 2/2
   346 | D:1      | HP: 1/23 [jackal (3)]
   349 | D:1      | Slain by a jackal

Illustrated notes

Levels and vault maps discovered:
D:1:      dpeg_arrival_ratfight, layout_basic, serial_shops,
          nicolae_shop_behind_doors, nicolae_shop_trees

Skill      XL: |  1  2 |
---------------+-------+-----
Stealth        | 2 |  2.0
Fighting       | |  2.5
Slings         | |  4.6
Dodging        | |  1.7

Action                   || total
-------------------------++-------
Melee: Short sword       ||    35
  Use: Scroll            ||     1
       Potion            ||     1
Armor: Leather armour    ||    25
Dodge: Dodged            ||    36
